 Crawl Stoat Soup version 0.23-ish-327-95-g181beea39d (console) character file.

330 hilarita the Digger (level 6, -13/54 HPs)
             Began as a Gargoyle Earth Elementalist on Apr 7, 2024.
             Mangled by a goliath beetle (17 damage)
             ... on level 5 of the Dungeon.
             The game lasted 00:12:37 (4134 turns).

hilarita the Digger (Gargoyle Earth Elementalist)   Turns: 4134, Time: 00:12:37

Health: -13/54     AC: 23    Str: 12    XL:     6   Next: 51%
Magic:  0/10       EV:  2    Int: 17    God:
Gold:   265        SH:  0    Dex: 10    Spells: 2/11 levels left

rFire    . . .     SeeInvis .   (no weapon)
rCold    . . .     Gourm    .   (no shield)
rNeg     + + +     Faith    .   (armour currently unavailable)
rPois    ∞         Spirit   .   (helmet currently unavailable)
rElec    .         Warding  .   (cloak currently unavailable)
rCorr    .         Reflect  .   (gloves currently unavailable)
MR       .....     Harm     .   (boots currently unavailable) Stlth ++........NoTele +
                                (no amulet)
HPRegen  0.18/turn              i - +2 ring of evasion
MPRegen  0.12/turn              (no ring)

@: tree-form
A: negative energy resistance 1, petrification resistance, rot immunity, AC +4
a: no special abilities


You were on level 5 of the Dungeon.
You were not hungry.
You were a tree.
You visited 1 branch of the dungeon, and saw 5 of its levels.

You collected 265 gold pieces.

Inventory:

Hand Weapons
 l - a +0 dagger
Missiles
 b - 32 stones (quivered)
 h - 58 arrows
Armour
 c - a +0 robe (melded)
 k - a +0 cloak (melded)
Magical Staves
 s - an uncursed staff of air
Jewellery
 i - a +2 ring of evasion (left branch)
 n - an uncursed ring of fire
Wands
 p - a wand of digging (14 charges)
Scrolls
 f - 2 scrolls of teleportation
 j - a scroll of remove curse
Potions
 a - a potion of agility {unknown}
 e - a potion of brilliance
 o - 2 potions of cancellation
 q - 2 potions of heal wounds {unknown}
 r - 3 potions of flight {unknown}
Comestibles
 d - 4 bread rations
 g - 5 meat rations
 t - 2 chunks of flesh


   Skills:
 + Level 2.9 Fighting
 - Level 1.5 Dodging
 - Level 2.1 Stealth
 + Level 3.2 Spellcasting
 + Level 2.3 Conjurations
   Level 0.7 Transmutations
 * Level 6.2 Earth Magic


You had 2 spell levels left.
You knew the following spells:

 Your Spells              Type           Power        Failure   Level  Hunger
a - Sandblast             Erth           24/50        1%          1    None
b - Stone Arrow           Conj/Erth      17/50        9%          3    ###....
c - Lee's Rapid Deconstr  Erth           24/200       36%         5    ######.

Your spell library contained the following spells:

 Spells                   Type           Power        Failure   Level  Hunger
 Passwall                 Tmut/Erth      14/120       6%          2    ##.....
 Petrify                  Tmut/Erth      14/100       38%         4    ####...


Dungeon Overview and Level Annotations

Branches:
Dungeon (5/15)
 Temple: D:4-7

Altars:
Qazlal


Innate Abilities, Weirdness & Mutations

You are resistant to torment.
((Your stone body is resilient. (AC +4)))
You are immune to poison.
You resist negative energy. (rN+)
((You are resistant to electric shocks. (rElec)))
((You can survive without breathing.))
You are immune to petrification.
You are immune to rotting.


Message History

The goliath beetle is severely wounded.
The goliath beetle bites you.
* * * LOW HITPOINT WARNING * * *
You hit the goliath beetle.
The goliath beetle is severely wounded.
Casting: Sandblast (safe; 1% risk of failure)
Confirm with . or Enter, or press ? or * to list all spells.
Aiming: Sandblast (safe; 1% risk of failure)
Press: ? - help, Shift-Dir - straight line, f/p - goliath beetle
Aim: a goliath beetle (severely wounded)
The blast of sand hits the goliath beetle.
The goliath beetle is severely wounded.
b - 32 stones The goliath beetle bites you but does no damage.
You hit the goliath beetle.
The goliath beetle is severely wounded.
You hit the goliath beetle but do no damage.
The goliath beetle is severely wounded.
The goliath beetle bites you!
You die...

. ..
#################...
............#......
...............#####
.........%....)))..#
......(........)##.#
..............).#..#
.........%......♣..#
...............B####
....................
..............<.....
............#.##.###
............#......
l...........####.###
...........# .#
.........#


You could see a goliath beetle.

Vanquished Creatures
  An orc priest (D:3)
  Ijyb (D:3)
  An iguana (D:4)
  2 worker ants
  7 adders
  3 river rats (D:3)
  5 worms
  4 leopard geckos
  11 orcs
  2 ball pythons
  6 giant cockroaches
  8 goblins
  7 hobgoblins
  3 jackals
  7 kobolds
  6 weasels
  4 bats
  4 frilled lizards
  10 rats
92 creatures vanquished.

Notes
Turn   | Place    | Note
-------+----------+-------------------------------------------
     0 | D:1      | hilarita the Gargoyle Earth Elementalist began the quest
                  | for the Orb.
     0 | D:1      | Reached XP level 1. HP: 10/10 MP: 3/3
   187 | D:1      | Reached skill level 4 in Earth Magic
   187 | D:1      | Reached XP level 2. HP: 16/16 MP: 3/5
   351 | D:1      | Reached skill level 1 in Fighting
   492 | D:1      | Reached XP level 3. HP: 20/20 MP: 4/6
   507 | D:1      | Learned a level 3 spell: Stone Arrow
  1076 | D:2      | Reached XP level 4. HP: 25/25 MP: 4/7
  1343 | D:2      | Reached skill level 5 in Earth Magic
  1350 | D:2      | Reached skill level 1 in Conjurations
  1784 | D:3      | Noticed Ijyb
  1838 | D:3      | Killed Ijyb
  1838 | D:3      | Reached XP level 5. HP: 14/30 MP: 0/9
  3065 | D:4      | Learned a level 5 spell: Lee's Rapid Deconstruction
  3089 | D:4      | Found a stormy altar of Qazlal.
  3180 | D:4      | Reached XP level 6. HP: 36/36 MP: 3/10
  3336 | D:4      | Reached skill level 6 in Earth Magic
  3983 | D:5      | Entered Level 5 of the Dungeon
  4123 | D:5      | HP: 4/54 [goliath beetle (4)]
  4130 | D:5      | HP: 3/54 [goliath beetle (2)]
  4134 | D:5      | Mangled by a goliath beetle

Vault maps used:
D:1:      psy_arrival_spokes, minmay_pentomino_x4
D:2:      minmay_circle_x
D:3:      lightli_sewer_entry_pipes, uniq_ijyb
D:4:      nicolae_qazlal_general_emergency, first_bread

Skill      XL: |  1  2  3  4  5  6 |
---------------+-------------------+-----
Earth Magic    | 4 5 6 |  6.2
Fighting       | 1 2 |  2.9
Conjurations   | 1 2 |  2.3
Spellcasting   | 3 |  3.2
Dodging        | |  1.5
Stealth        | |  2.1
Transmutations | |  0.7

Action                   |  1- 3 |  4- 6 || total
-------------------------+-------+-------++-------
Melee: Unarmed           |     5 |    17 ||    22
       Dagger            |    52 |   145 ||   197
       Staff             |       |    26 ||    26
 Cast: Sandblast         |    35 |    92 ||   127
       Stone Arrow       |       |     5 ||     5
  Use: Scroll            |     3 |     6 ||     9
       Potion            |       |     2 ||     2
 Stab: Sleeping          |     1 |       ||     1
  Eat: Chunk             |     1 |     6 ||     7
       Bread ration      |       |     1 ||     1
Armor: Robe              |    24 |    60 ||    84
       Skin              |       |    27 ||    27
Dodge: Dodged            |    48 |   139 ||   187

Table legend:
 A = Spawn XP
 B = Non-spawn XP
 C = Spawn XP percentage of total XP
 D = Spawn monster count
 E = Non-spawn monster count
 F = Spawn count percentage of total count
 G = Total turns spent on level
                    A         B        C        D         E        F      G
               +---------+---------+-------+---------+---------+-------+---------
         Total |      17 |     455 |   3.6 |       7 |      85 |   7.6 |  4134
               +---------+---------+-------+---------+---------+-------+---------
           D:1 |       4 |      33 |  10.8 |       2 |      18 |  10.0 |   650
           D:2 |       3 |      76 |   3.8 |       2 |      26 |   7.1 |  1001
           D:3 |       2 |     182 |   1.1 |       1 |      26 |   3.7 |  1219
           D:4 |       3 |      99 |   2.9 |       1 |       7 |  12.5 |  1113
           D:5 |       5 |      65 |   7.1 |       1 |       8 |  11.1 |   151
               +---------+---------+-------+---------+---------+-------+---------
